 Dungeon Crawl Stone Soup version 0.31-a0-217-g58bb5d79cf (webtiles) character file.

Game seed: 1286501510194804677

1584 qw the Blocker (level 8, -1/48 HPs)
             Began as a Gargoyle Fighter on July 2, 2023.
             Was an Initiate of Okawaru.
             Slain by an ogre
             ... wielding a +0 giant club
              (5 damage)
             ... on level 7 of the Dungeon.
             The game lasted 00:03:25 (6437 turns).

qw the Blocker (Gargoyle Fighter)                   Turns: 6437, Time: 00:03:26

Health: -1/48      AC: 22    Str: 22    XL:     8   Next: 92%
Magic:  8/8        EV:  4    Int:  9    God:    Okawaru [......]
Gold:   105        SH: 14    Dex:  9    Spells: 7/7 levels left

rFire   . . .        Y - +1 broad axe
rCold   . . .        r - +0 tower shield
rNeg    + + .        i - +0 plate armour
rPois   inf          (no helmet)
rElec   +            e - +0 cloak
rCorr   .            j - +2 pair of gloves
SInv    .            h - +0 pair of boots
Will    +....        (no amulet) Stlth
                     u - ring of willpower
HPRegen 0.28/turn    o - ring of positive energy
MPRegen 0.11/turn

%: no passive effects
@: no status effects
A: sickness immunity, AC +5, negative energy resistance 1, electricity
resistance, torment resistance 1, petrification resistance
a: Renounce Religion


You were on level 7 of the Dungeon.
You worshipped Okawaru.
Okawaru was noncommittal.
You visited 2 branches of the dungeon, and saw 8 of its levels.

You collected 296 gold pieces.
You spent 191 gold pieces at shops.


Innate Abilities, Weirdness & Mutations

You are immune to sickness and miasma.
Your stone body is resilient. (AC +5)
You are immune to poison.
You resist negative energy. (rN+)
You are resistant to electric shocks. (rElec)
You are resistant to unholy torment.
You are immune to petrification.


   Skills:
 - Level 4.2 Fighting
 - Level 6.2 Axes
 + Level 3.9 Armour
 - Level 1.2 Dodging
 - Level 9.2 Shields


You had 7 spell levels left.
You didn't know any spells.
Your spell library was empty.

Inventory:

Hand Weapons
 s - a +0 morningstar
 Y - a +1 broad axe (weapon)
Missiles
 c - a boomerang (quivered)
Armour
 e - a +0 cloak (worn)
 h - a +0 pair of boots (worn)
 i - a +0 plate armour (worn)
 j - a +2 pair of gloves (worn)
 r - a +0 tower shield (worn)
Jewellery
 o - a ring of positive energy (right hand)
 p - the ring of Taerch {rC+ Str-3 Int+6 Stlth+}
   (You found it on level 5 of the Dungeon)

   [ring of intelligence]

   Str:       It affects your strength (-3).
   Int:       It affects your intelligence (+6).
   rC:        It protects you from cold.
   Stlth:     It makes you more stealthy.
 u - a ring of willpower (left hand)
Wands
 w - a wand of digging (4)
Scrolls
 l - a scroll of identify
Potions
 a - a potion of cancellation
 b - 4 potions of curing
 d - 3 potions of might
 f - a potion of haste {unknown}
 g - 3 potions of attraction
 n - a potion of lignification

Dungeon Overview and Level Annotations

Branches:
Dungeon (7/15)             Temple (1/1) D:6

Altars:
Ashenzari
Cheibriados
Dithmenos
Elyvilon
Fedhas
Gozag
Hepliaklqana
Kikubaaqudgha
Makhleb
Nemelex Xobeh
Okawaru
Qazlal
Ru
Sif Muna
Trog
Uskayaw
Vehumet
Wu Jian
Xom
Yredelemnul
Zin
The Shining One

Shops:
D:1 ?   D:4 (:!

Annotations:
D:4 3 runed translucent doors, qw's ghost, amateur GrHs
D:5 2 transporters


Message History

The killer bee stings you but does no damage.
You block the killer bee's attack.
You miss the killer bee.
The killer bee is lightly wounded.
You barely miss the killer bee. You hit the ogre. You slash the sleepcap!
You closely miss the killer bee. You barely miss the killer bee.
The killer bee stings you but does no damage.
You block the killer bee's attack. The killer bee barely misses you.
The killer bee stings you but does no damage.
You block the killer bee's attack. x2; The killer bee barely misses you.
The killer bee stings you but does no damage.
You block the sleepcap's attack. The ogre hits you with a +0 giant club!
The killer bee stings you. The killer bee barely misses you. x2
The killer bee stings you but does no damage.
The sleepcap releases spores at you.
You slash the sleepcap!
The sleepcap is severely damaged.
You slash the killer bee! You miss the killer bee. You hit the killer bee.
You slash the killer bee! You barely miss the ogre. The killer bee stings you.
The killer bee stings you but does no damage. x2
You block the killer bee's attack.
The killer bee stings you but does no damage. x2
You block the killer bee's attack.
The killer bee stings you but does no damage.
The ogre hits you but does no damage. The sleepcap completely misses you.
The killer bee stings you but does no damage. x2
The killer bee barely misses you.
The killer bee stings you but does no damage.
You hit the sleepcap.
The sleepcap is almost destroyed.
You closely miss the killer bee. You barely miss the killer bee. x2
You hit the ogre. You closely miss the killer bee.
The killer bee stings you but does no damage.
You block the killer bee's attack. x2
The killer bee stings you but does no damage. x4
You block the killer bee's attack.
The sleepcap releases spores at you but does no damage.
The ogre hits you with a +0 giant club.
You die...

.. ##########
... #........#.
...##..........
.............#.
...............
#...........#
#..Oy......#
#!.f@y<.....
#...yy......
##........##
..........#
##..........#
#..........#
#..........#
#...[......#


You could see an ogre, a sleepcap and 4 killer bees.

Vanquished Creatures
  An orc warrior (D:6)
  3 ice beasts
  2 centaurs
  2 phantoms
  2 bullfrogs (D:6)
  4 scorpions
  A killer bee (D:7)
  A howler monkey (D:6)
  A jelly (D:5)
  3 orc priests (D:6)
  3 iguanas
  An orc wizard (D:6)
  2 sleepcaps
  6 adders
  3 white imps (D:6)
  An ufetubus (D:4)
  2 worms
  14 orcs
  6 ball pythons
  14 endoplasms
  2 giant cockroaches
  10 goblins
  6 hobgoblins
  2 jackals (D:2)
  12 kobolds
  4 quokkas
  6 bats
  5 frilled lizards
  5 rats
124 creatures vanquished.

Notes
Turn   | Place    | Note
-------+----------+-------------------------------------------
     0 | D:1      | qw the Gargoyle Fighter began the quest for the Orb.
     0 | D:1      | Reached XP level 1. HP: 14/14 MP: 1/1
     0 | D:1      | 0 ||| qw: Version: 0.3-a-40-ge99b1a8
     0 | D:1      | 0 ||| qw: Game counter: 127
     0 | D:1      | 0 ||| qw: Melee chars always use a shield: true
     0 | D:1      | 0 ||| qw: God list: Okawaru
     0 | D:1      | 0 ||| qw: Allow faded altars: false
     0 | D:1      | 0 ||| qw: Do Orc after clearing Dungeon:15 true
     0 | D:1      | 0 ||| qw: Do second Lair branch before Depths: true
     0 | D:1      | 0 ||| qw: Lair rune preference: random
     0 | D:1      | 0 ||| qw: Goals: Normal, Zot:1-4, Slime:5, God:TSO, Crypt,
                  | Tomb, Abyss, Pan, Hells, Win
     0 | D:1      | 0 ||| PLANNING D:1-11
   127 | D:1      | 127 ||| Stepping ~*~*~tactically~*~*~ (hiding).
   128 | D:1      | 128 ||| Stepping ~*~*~tactically~*~*~ (hiding).
   129 | D:1      | 129 ||| Stepping ~*~*~tactically~*~*~ (hiding).
   130 | D:1      | 130 ||| Stepping ~*~*~tactically~*~*~ (hiding).
   311 | D:1      | Reached XP level 2. HP: 19/19 MP: 2/2
   548 | D:1      | Reached skill level 3 in Axes
   636 | D:1      | Reached XP level 3. HP: 23/23 MP: 3/3
   638 | D:1      | Found Bung's Magic Scroll Boutique.
   655 | D:1      | 655 ||| SHOPLISTING scroll of enchant weapon (90 gold, have
                  | 70).
   655 | D:1      | 655 ||| BUYING scroll of identify (24 gold).
   655 | D:1      | Bought a scroll of identify for 24 gold pieces
   655 | D:1      | 655 ||| BUYING scroll of identify (24 gold).
   655 | D:1      | Bought a scroll of identify for 24 gold pieces
   655 | D:1      | 655 ||| SHOPLISTING scroll of teleportation (36 gold, have
                  | 22).
   870 | D:1      | Found a faded altar of an unknown god.
   912 | D:1      | 912 ||| UPGRADING to +0 chain mail.
   922 | D:1      | 922 ||| DROPPING +0 scale mail.
   923 | D:1      | 923 ||| UPGRADING to +0 pair of boots.
   928 | D:1      | 928 ||| UPGRADING to +2 pair of gloves.
   933 | D:1      | 933 ||| READING 3 scrolls labelled ZALORA RIRAN.
   934 | D:1      | 934 ||| READING scroll labelled USAUDD XAMEUB.
   938 | D:1      | 938 ||| READING 2 scrolls of identify.
   938 | D:1      | 938 ||| IDENTIFYING cyan potion
   939 | D:1      | 939 ||| DROPPING 2 scrolls of amnesia.
   940 | D:1      | 940 ||| DROPPING potion of brilliance.
  1081 | D:2      | 1081 ||| Stepping ~*~*~tactically~*~*~ (hiding).
  1087 | D:2      | 1087 ||| Stepping ~*~*~tactically~*~*~ (hiding).
  1089 | D:2      | 1089 ||| Stepping ~*~*~tactically~*~*~ (hiding).
  1091 | D:2      | 1091 ||| Stepping ~*~*~tactically~*~*~ (hiding).
  1098 | D:2      | 1098 ||| Stepping ~*~*~tactically~*~*~ (stealth).
  1099 | D:2      | 1099 ||| Stepping ~*~*~tactically~*~*~ (stealth).
  1310 | D:2      | 1310 ||| Stepping ~*~*~tactically~*~*~ (stealth).
  1311 | D:2      | 1311 ||| Stepping ~*~*~tactically~*~*~ (stealth).
  1353 | D:2      | 1353 ||| Stepping ~*~*~tactically~*~*~ (stealth).
  1355 | D:2      | 1355 ||| Stepping ~*~*~tactically~*~*~ (hiding).
  1358 | D:2      | 1358 ||| Stepping ~*~*~tactically~*~*~ (hiding).
  1370 | D:2      | Reached XP level 4. HP: 21/28 MP: 4/4
  1764 | D:2      | 1764 ||| Stepping ~*~*~tactically~*~*~ (stealth).
  1798 | D:2      | 1798 ||| READING 2 scrolls of identify.
  1798 | D:2      | 1798 ||| IDENTIFYING sapphire potion
  1976 | D:3      | Identified the +11 spear of the Moon {flame, Int+5}
  2002 | D:3      | 2002 ||| SWAPPING to +0 broad axe.
  2003 | D:3      | 2003 ||| DROPPING +0 war axe.
  2295 | D:3      | 2295 ||| Stepping ~*~*~tactically~*~*~ (stealth).
  2671 | D:3      | 2671 ||| UPGRADING to +0 cloak.
  2676 | D:3      | 2676 ||| DROPPING ring of flight.
  2677 | D:3      | 2677 ||| DRINKING 2 blue potions.
  2678 | D:3      | 2678 ||| READING 3 scrolls of identify.
  2678 | D:3      | 2678 ||| IDENTIFYING pink potion
  2679 | D:3      | 2679 ||| READING 2 scrolls of identify.
  2679 | D:3      | 2679 ||| IDENTIFYING emerald potion
  2811 | D:4      | 2811 ||| Stepping ~*~*~tactically~*~*~ (stealth).
  2823 | D:4      | Reached XP level 5. HP: 32/32 MP: 5/5
  2832 | D:4      | Found Xeh Magh's Weapon Shoppe.
  2846 | D:4      | 2846 ||| BUYING +0 mace (33 gold).
  2846 | D:4      | Bought a +0 mace for 33 gold pieces
  2846 | D:4      | 2846 ||| BUYING +0 morningstar (44 gold).
  2846 | D:4      | Bought a +0 morningstar for 44 gold pieces
  2846 | D:4      | 2846 ||| DROPPING +0 whip.
  2847 | D:4      | 2847 ||| DROPPING +0 mace.
  2897 | D:4      | 2897 ||| Stepping ~*~*~tactically~*~*~ (stealth).
  2959 | D:4      | Found a stormy altar of Qazlal.
  3095 | D:4      | Found Haoh's Book Shop.
  3139 | D:4      | Found a white marble altar of Elyvilon.
  3332 | D:4      | Found a runed translucent gate.
  3332 | D:4      | Found a runed translucent gate.
  3332 | D:4      | Found a runed translucent gate.
  3336 | D:4      | Identified the +0 ring mail of the Blue Skies {Harm Int+3}
  3336 | D:4      | Noticed qw's ghost (amateur GrHs)
  3357 | D:4      | Found Xoklarryrch's Distillery.
  3360 | D:4      | 3360 ||| BUYING 2 potions of curing (66 gold).
  3360 | D:4      | Bought 2 potions of curing for 66 gold pieces
  3360 | D:4      | 3360 ||| SHOPLISTING potion of attraction (33 gold, have
                  | 17).
  3360 | D:4      | 3360 ||| SHOPLISTING potion of cancellation (88 gold, have
                  | 17).
  3360 | D:4      | 3360 ||| SHOPLISTING potion of curing (33 gold, have 17).
  3360 | D:4      | 3360 ||| SHOPLISTING potion of experience (550 gold, have
                  | 17).
  3360 | D:4      | 3360 ||| SHOPLISTING potion of heal wounds (55 gold, have
                  | 17).
  3360 | D:4      | 3360 ||| SHOPLISTING potion of lignification (33 gold, have
                  | 17).
  3360 | D:4      | 3360 ||| SHOPLISTING potion of mutation (88 gold, have 17).
  3434 | D:4      | Found a shimmering blue altar of Sif Muna.
  3590 | D:4      | 3590 ||| UPGRADING to ring of willpower.
  3591 | D:4      | 3591 ||| READING scroll labelled ATAOWE TILE.
  3612 | D:4      | 3612 ||| READING scroll labelled RABRENGIMI.
  3613 | D:4      | 3613 ||| READING scroll labelled MUOTUTTELIWN.
  3614 | D:4      | 3614 ||| READING scroll labelled NUNI ULLAHECUN.
  3615 | D:4      | 3615 ||| READING scroll labelled ICLAOSUEMO.
  3616 | D:4      | 3616 ||| DRINKING 2 fuming silvery potions.
  3721 | D:4      | 3721 ||| READING 4 scrolls of identify.
  3721 | D:4      | 3721 ||| IDENTIFYING amethyst potion
  3722 | D:4      | 3722 ||| READING 3 scrolls of identify.
  3722 | D:4      | 3722 ||| IDENTIFYING grey potion
  3723 | D:4      | 3723 ||| DROPPING potion of ambrosia.
  3724 | D:4      | 3724 ||| DROPPING potion of berserk rage.
  3725 | D:4      | 3725 ||| DROPPING potion of degeneration.
  3739 | D:5      | Entered Level 5 of the Dungeon
  3789 | D:5      | Identified the ring of Taerch {rC+ Str-3 Int+6 Stlth+}
  3803 | D:5      | Reached XP level 6. HP: 38/38 MP: 6/6
  4078 | D:5      | Found a transporter.
  4103 | D:5      | Found a glowing silver altar of Zin.
  4268 | D:5      | Found a transporter.
  4270 | D:5      | Noticed an ice beast
  4270 | D:5      | Noticed an ice beast
  4270 | D:5      | Noticed an ice beast
  4345 | D:5      | Noticed an ice beast
  4353 | D:5      | Killed an ice beast
  4354 | D:5      | Reached skill level 6 in Axes
  4354 | D:5      | Reached XP level 7. HP: 36/43 MP: 7/7
  4434 | D:5      | Reached skill level 1 in Dodging
  4563 | D:5      | 4563 ||| DROPPING scarf of invisibility.
  4564 | D:5      | 4564 ||| UPGRADING to +0 tower shield.
  4574 | D:5      | 4574 ||| DROPPING +0 buckler.
  4575 | D:5      | 4575 ||| UPGRADING to ring of Taerch {rC+ Str-3 Int+6
                  | Stlth+}.
  4576 | D:5      | 4576 ||| UPGRADING to ring of positive energy.
  4578 | D:5      | 4578 ||| READING scroll labelled HAGRUX PYUCOR.
  4579 | D:5      | 4579 ||| READING scroll labelled PIFO UNUHOPP.
  4580 | D:5      | 4580 ||| READING 2 scrolls of identify.
  4580 | D:5      | 4580 ||| IDENTIFYING fizzy grey potion
  4750 | D:6      | Reached skill level 4 in Shields
  4919 | D:6      | 4919 ||| Stepping ~*~*~tactically~*~*~ (stealth).
  4921 | D:6      | 4921 ||| Stepping ~*~*~tactically~*~*~ (stealth).
  4923 | D:6      | 4923 ||| Stepping ~*~*~tactically~*~*~ (stealth).
  4947 | D:6      | Reached skill level 5 in Shields
  5023 | D:6      | Reached skill level 6 in Shields
  5023 | D:6      | Reached XP level 8. HP: 46/48 MP: 8/8
  5042 | D:6      | 5042 ||| Stepping ~*~*~tactically~*~*~ (hiding).
  5116 | D:6      | Reached skill level 7 in Shields
  5295 | D:6      | 5295 ||| FLEEEEING.
  5296 | D:6      | 5296 ||| FLEEEEING.
  5297 | D:6      | 5297 ||| FLEEEEING.
  5298 | D:6      | 5298 ||| FLEEEEING.
  5300 | D:6      | 5300 ||| FLEEEEING.
  5301 | D:6      | 5301 ||| FLEEEEING.
  5302 | D:6      | 5302 ||| FLEEEEING.
  5303 | D:6      | 5303 ||| FLEEEEING.
  5304 | D:6      | 5304 ||| FLEEEEING.
  5305 | D:6      | 5305 ||| FLEEEEING.
  5306 | D:6      | 5306 ||| FLEEEEING.
  5307 | D:6      | 5307 ||| FLEEEEING.
  5308 | D:6      | 5308 ||| FLEEEEING.
  5309 | D:6      | 5309 ||| FLEEEEING.
  5310 | D:6      | 5310 ||| FLEEEEING.
  5311 | D:6      | 5311 ||| FLEEEEING.
  5312 | D:6      | 5312 ||| FLEEEEING.
  5313 | D:6      | 5313 ||| FLEEEEING.
  5314 | D:6      | 5314 ||| FLEEEEING.
  5315 | D:6      | 5315 ||| FLEEEEING.
  5316 | D:6      | 5316 ||| FLEEEEING.
  5317 | D:6      | 5317 ||| FLEEEEING.
  5318 | D:6      | 5318 ||| FLEEEEING.
  5319 | D:6      | 5319 ||| FLEEEEING.
  5320 | D:6      | 5320 ||| FLEEEEING.
  5321 | D:6      | 5321 ||| FLEEEEING.
  5322 | D:6      | 5322 ||| FLEEEEING.
  5323 | D:6      | 5323 ||| FLEEEEING.
  5324 | D:6      | 5324 ||| FLEEEEING.
  5326 | D:6      | 5326 ||| FLEEEEING.
  5338 | D:6      | HP: 9/48 [orc priest/+0 rapier (5)]
  5339 | D:6      | 5339 ||| READING scroll of teleportation.
  5340 | D:6      | 5340 ||| DRINKING potion of heal wounds.
  5497 | D:6      | Reached skill level 8 in Shields
  5521 | D:6      | 5521 ||| Stepping ~*~*~tactically~*~*~ (stealth).
  5659 | D:6      | 5659 ||| Stepping ~*~*~tactically~*~*~ (stealth).
  5661 | D:6      | 5661 ||| Stepping ~*~*~tactically~*~*~ (stealth).
  5675 | D:6      | 5675 ||| Stepping ~*~*~tactically~*~*~ (stealth).
  5678 | D:6      | 5678 ||| Stepping ~*~*~tactically~*~*~ (stealth).
  5695 | D:6      | 5695 ||| FLEEEEING.
  5696 | D:6      | 5696 ||| FLEEEEING.
  5697 | D:6      | 5697 ||| FLEEEEING.
  5698 | D:6      | 5698 ||| FLEEEEING.
  5699 | D:6      | 5699 ||| FLEEEEING.
  5700 | D:6      | 5700 ||| FLEEEEING.
  5701 | D:6      | 5701 ||| FLEEEEING.
  5702 | D:6      | 5702 ||| FLEEEEING.
  5703 | D:6      | 5703 ||| FLEEEEING.
  5704 | D:6      | 5704 ||| FLEEEEING.
  5705 | D:6      | 5705 ||| FLEEEEING.
  5713 | D:6      | 5713 ||| FLEEEEING.
  5715 | D:6      | 5715 ||| STAIRDANCE
  5780 | D:5      | 5780 ||| Stepping ~*~*~tactically~*~*~ (stealth).
  5781 | D:5      | 5781 ||| Stepping ~*~*~tactically~*~*~ (stealth).
  5782 | D:5      | 5782 ||| Stepping ~*~*~tactically~*~*~ (stealth).
  5784 | D:5      | 5784 ||| Stepping ~*~*~tactically~*~*~ (stealth).
  5785 | D:5      | 5785 ||| Stepping ~*~*~tactically~*~*~ (stealth).
  5786 | D:5      | 5786 ||| Stepping ~*~*~tactically~*~*~ (stealth).
  5789 | D:5      | 5789 ||| UPGRADING to +0 plate armour.
  5799 | D:5      | 5799 ||| DROPPING +0 chain mail.
  5800 | D:5      | 5800 ||| DROPPING +2 ring mail of fire resistance.
  5801 | D:5      | 5801 ||| DROPPING +6 ring of intelligence.
  5802 | D:5      | 5802 ||| READING scroll labelled WAINIR YVOFIF.
  5932 | D:6      | Found a staircase to the Ecumenical Temple.
  5933 | D:6      | 5933 ||| PLANNING TEMPLE
  5936 | Temple   | Entered the Ecumenical Temple
  5937 | Temple   | 5937 ||| PLANNING OKAWARU WORSHIP
  6080 | Temple   | Became a worshipper of Warmaster Okawaru
  6081 | Temple   | 6081 ||| PLANNING D:1-11
  6117 | D:6      | 6117 ||| Stepping ~*~*~tactically~*~*~ (hiding).
  6118 | D:6      | 6118 ||| Stepping ~*~*~tactically~*~*~ (hiding).
  6120 | D:6      | 6120 ||| FLEEEEING.
  6328 | D:6      | 6328 ||| Stepping ~*~*~tactically~*~*~ (hiding).
  6397 | D:7      | Reached skill level 9 in Shields
  6435 | D:7      | HP: 11/48 [ogre/+0 giant club (13)]
  6435 | D:7      | HP: 5/48 [sleepcap (5)]
  6437 | D:7      | Slain by an ogre

Levels and vault maps discovered:
D:1:      sevenhm_arrival_forest_fort_large_2, layout_loops_ring, serial_shops,
          shop_statue, shapermc_ecumenical_altar_mp_urbaneastern
D:2:      layout_basic
D:3:      layout_loops_corners, minmay_tree_intersection, st_stairs_11
D:4:      layout_basic, general_overflow_altar, marbit_many_paths,
          nicolae_elyvilon_temple_path, biasface_ghost_orc_armoury,
          serial_shops, nicolae_shop_behind_doors, shop,
          nicolae_shop_behind_doors, minmay_close_crescents
D:5:      gammafunk_cloud_chamber, layout_loops_ring, lemuel_tele_altar,
          hangedman_abyss_or_decor_stagger, chequers_serial_rivers_micro_d
D:6:      layout_basic, temple_hall_moat
D:7:      layout_rooms
Temple:   regret_index_temple_mists

Skill      XL: |  1  2  3  4  5  6  7  8 |
---------------+-------------------------+-----
Axes           | 2 3 4 5 6 |  6.2
Fighting       | 4 |  4.2
Dodging        | 1 |  1.2
Shields        | 6 9 |  9.2
Armour         | |  3.9

Action                     |  1- 3 |  4- 6 |  7- 9 || total
---------------------------+-------+-------+-------++-------
  Melee: War axe           |    97 |    41 |       ||   138
         Broad axe         |       |   139 |   177 ||   316
  Throw: Boomerang         |       |       |     2 ||     2
    Use: Scroll            |     3 |    10 |     5 ||    18
         Potion            |       |     2 |     1 ||     3
 Armour: Scale mail        |    24 |       |       ||    24
         Chain mail        |    36 |   103 |   123 ||   262
         Plate armour      |       |       |    54 ||    54
  Dodge: Dodged            |    27 |    73 |    41 ||   141
  Block: Buckler           |    13 |    28 |     1 ||    42
         Tower shield      |       |       |   132 ||   132

Table legend:
 A = Non-vault XP
 B = Vault XP
 C = Vault XP percentage of total XP
 D = Non-vault monster count
 E = Vault monster count
 F = Vault count percentage of total count
                 A         B        C        D         E       F
            +---------+---------+-------+---------+---------+-------
      Total |    2249 |      15 |   0.7 |     115 |       9 |   7.3
            +---------+---------+-------+---------+---------+-------
        D:1 |      40 |       0 |   0.0 |      25 |       0 |   0.0
        D:2 |      59 |       0 |   0.0 |      20 |       0 |   0.0
        D:3 |      26 |       5 |  16.1 |      14 |       3 |  17.6
        D:4 |      67 |      10 |  13.0 |      13 |       6 |  31.6
        D:5 |     506 |       0 |   0.0 |       9 |       0 |   0.0
        D:6 |    1224 |       0 |   0.0 |      29 |       0 |   0.0
        D:7 |     327 |       0 |   0.0 |       5 |       0 |   0.0
            +---------+---------+-------+---------+---------+-------
